 Dungeon Crawl Stone Soup version 0.14-a0-1739-g6c2808e (webtiles) character file.

179 PolkaDot the Slasher (level 4, -9/57 HPs)
             Began as a Demigod Fighter on Jan 3, 2014.
             Killed by divine providence
             ... invoked by an orc priest
              (15 damage)
             ... on Level 3 of the Dungeon.
             The game lasted 00:05:57 (1695 turns).

PolkaDot the Slasher (Demigod Fighter)              Turns: 1695, Time: 00:05:57

HP  -9/57        AC 22     Str 20      XL: 4   Next: 31%
MP   7/7         EV  1     Int 20      God:
Gold 72          SH 16     Dex 17      Spells:  0 memorised,  3 levels left

rFire  . . .     SeeInvis .     a - +0 falchion
rCold  . . .     Clarity  .     b - melded +0 scale mail
rNeg   + + +     Conserve .     c - +0 shield
rPois  +         rCorr    .     (no helmet)
rElec  .         rRot     .     (cloak currently unavailable)
SustAb . .       Spirit   .     (gloves currently unavailable)
rMut   .         Warding  .     (boots currently unavailable)
Saprov . . .     NoTele   +     (no amulet)
                                w - cursed +3 ring of intelligence
                                n - ring of regeneration

@: tree-form, brilliant, slightly resistant to hostile enchantments, unstealthy
A: no striking features
a: no special abilities


You were on level 3 of the Dungeon.
You were not hungry.
You were an animated tree.
You visited 1 branch of the dungeon, and saw 3 of its levels.

You collected 72 gold pieces.

Inventory:

Hand weapons
 a - a +0,+0 falchion (weapon)
Armour
 b - a +0 scale mail (melded)
 c - a +0 shield (worn)
Magical devices
 r - a wand of confusion (1)
Comestibles
 d - 2 bread rations
 f - an apple
 h - 3 meat rations
 p - a chunk of rat flesh {@w1}
 x - a chunk of bat flesh {@w1}
Scrolls
 g - a scroll of fog {unknown}
 i - a scroll of teleportation {unknown}
 j - a scroll of immolation {unknown}
 m - 2 scrolls of enchant weapon II {unknown}
 o - a scroll of identify {unknown}
 q - 2 scrolls of recharging {unknown}
 s - a scroll of remove curse {unknown}
 v - a scroll of amnesia {unknown}
Jewellery
 n - a ring of regeneration (left branch)
 w - a cursed +3 ring of intelligence (right branch)
Potions
 u - a potion of might {unknown}


   Skills:
 + Level 3.4 Fighting
 * Level 3.8 Long Blades
 - Level 2.6 Armour
 - Level 2.6 Shields


You had 3 spell levels left.
You didn't know any spells.

Dungeon Overview and Level Annotations

Branches:
Dungeon (3/16)


Message History

The orc priest mumbles some strange prayers to Beogh.
You feel troubled. The orc completely misses you.
The orc priest hits you but does no damage.
The orc hits you but does no damage.
The orc priest hits you from afar with an orcish trident.
* * * LOW HITPOINT WARNING * * *
The orc hits you but does no damage.
The orc priest calls down the wrath of Beogh upon you.
You strain under the huge effort it takes to resist.
The orc hits you but does no damage. You block the orc priest's attack.
You block the orc's attack.
The orc priest calls down the wrath of Beogh upon you.
You are unaffected.
The orc hits you but does no damage.
The orc priest hits you but does no damage.
The orc hits you but does no damage.
The orc priest hits you but does no damage.
The orc hits you but does no damage.
The orc priest invokes the aid of Beogh against you.
Something smites you!
You die...

. ... #.# #... #.#
... ##.## ..####
#...# ##### .....#
#...# #...# #....#
#...# #...# #oo..#
....####...#####.)..#
..............##♣[..#
...####...###.#...###
##.# #...# #.#)..#
##.##########.#..(#
.................##
...##...#####.####
###.....# #.#
.##...##### #.#
......(.......#


You could see an orc priest and an orc.

Vanquished Creatures
  4 adders
  A gnoll (D:1)
  2 giant geckos (D:2)
  6 orcs (D:3)
  7 bats
  A bat zombie (D:3)
  5 goblins
  7 hobgoblins
  5 kobolds
  2 ball pythons (D:2)
  2 giant cockroaches
  3 giant newts
  8 rats
53 creatures vanquished.

Notes
Turn   | Place    | Note
--------------------------------------------------------------
     0 | D:1      | PolkaDot, the Demigod Fighter, began the quest for the Orb.
     0 | D:1      | Reached XP level 1. HP: 18/18 MP: 2/2
   378 | D:1      | Reached XP level 2. HP: 25/25 MP: 3/3
   478 | D:1      | Reached skill level 3 in Fighting
   874 | D:2      | Reached XP level 3. HP: 31/31 MP: 5/5
  1505 | D:3      | Reached XP level 4. HP: 38/38 MP: 7/7
  1685 | D:3      | HP: 2/57 [orc/orcish trident (3)]
  1695 | D:3      | Killed from afar by an orc priest

Action                   |  1- 3 |  4- 6 || total
-------------------------+-------+-------++-------
Melee: Falchion          |   170 |    38 ||   208
Evoke: Wand              |     1 |       ||     1
  Use: Potion            |       |     3 ||     3
